 Dungeon Crawl Stone Soup version 0.19.1 (webtiles) character file.

117131 mmcf the Alchemist (level 16, -16/122 HPs)
             Began as a Merfolk Transmuter on Dec 4, 2016.
             Was a High Priest of Okawaru.
             Killed from afar by a deep elf knight (34 damage)
             ... with a shard of ice
             ... on level 1 of the Elven Halls.
             The game lasted 02:02:59 (37156 turns).

mmcf the Alchemist (Merfolk Transmuter)            Turns: 37156, Time: 02:03:05

Health: -16/122    AC:  8    Str: 14    XL:     16   Next: 73%
Magic:  19/28      EV: 32    Int: 17    God:    Okawaru [*****.]
Gold:   673        SH:  0    Dex: 26    Spells: 7 memorised, 11 levels left

rFire  . . .     SeeInvis .       - Unarmed
rCold  . . .     Gourm    .     H - +2 robe {Archmagi}
rNeg   . . .     Faith    .     (shield currently unavailable)
rPois  +         Spirit   .     z - +0 helmet of Gayx {Dex+5}
rElec  .         Reflect  .     (no cloak)
rCorr  +         Harm     .     (gloves currently unavailable)
MR     +....                    p - +1 pair of boots
Stlth  ++++......               r - amulet of regeneration
                                v - +5 ring of dexterity
                                R - ring of Immorality {rCorr rPois Str+3}

@: blade hands, heroism, regenerating
A: change form in water, swift swim, stealthy swim
a: End Transformation, Heroism, Finesse, Renounce Religion


You were on level 1 of the Elven Halls.
You worshipped Okawaru.
Okawaru was extremely pleased with you.
You were not hungry.
You had blades for hands.
You visited 7 branches of the dungeon, and saw 28 of its levels.
You also visited: Sewer and Ice Cave.

You collected 2349 gold pieces.
You spent 1676 gold pieces at shops.

Inventory:

Hand Weapons
 a - a +1 hunting sling of venom
Missiles
 q - 168 sling bullets
 y - 543 arrows
Armour
 e - a +2 robe of magic resistance
 j - the +0 pair of gloves of Daffodils (melded) {rElec Int+4}
   (You found it on level 7 of the Dungeon)

   It affects your intelligence (+4).
   It insulates you from electricity.
 p - a +1 pair of boots (worn)
 w - a +3 leather armour of fire resistance
 z - the +0 helmet of Gayx (worn) {Dex+5}
   (You bought it in a shop on level 8 of the Dungeon)

   It affects your dexterity (+5).
 H - a +2 robe of the Archmagi (worn)
Rods
 m - a +5 rod of ignition (11/11)
   (You bought it in a shop on level 2 of the Orcish Mines)
 P - a +5 rod of clouds (12/12)
   (You found it on level 13 of the Dungeon)
Jewellery
 f - an uncursed ring of protection from fire
 r - an amulet of regeneration (around neck)
 v - a +5 ring of dexterity (right scythe-like blade)
 R - the ring of Immorality (left scythe-like blade) {rCorr rPois Str+3}
   (You found it on level 13 of the Dungeon)

   [ring of resist corrosion]

   It affects your strength (+3).
   It protects you from poison.
Wands
 b - a wand of iceblast (4/15)
 B - a wand of lightning (2/15)
 L - a wand of digging (9/24)
 W - a wand of teleportation (5/9)
 Z - a wand of disintegration (12/24)
Scrolls
 g - 9 scrolls of identify
 l - 2 scrolls of fog
 s - 16 scrolls of remove curse
 t - 3 scrolls of blinking
 u - 3 scrolls of magic mapping
 T - a scroll of summoning
 U - 6 scrolls of teleportation
Potions
 n - a potion of magic
 x - a potion of berserk rage
 E - 3 potions of cancellation
 K - 3 potions of brilliance
 N - 3 potions of curing
 V - 3 potions of flight
Miscellaneous
 k - a disc of storms
 Q - a phantom mirror
Comestibles
 c - 4 fruits
 d - 9 bread rations


   Skills:
 + Level 10.1(15.1) Fighting
 - Level 2.2(7.2) Armour
 - Level 14.1(19.1) Dodging
 + Level 16.0(21.0) Unarmed Combat
 - Level 8.2 Spellcasting
 - Level 5.0 Charms
 - Level 3.0 Necromancy
 - Level 3.0 Translocations
 - Level 17.0 Transmutations
 - Level 3.3 Ice Magic
 - Level 10.1 Invocations
 - Level 7.0 Evocations


You had 11 spell levels left.
You knew the following spells:

 Your Spells              Type           Power        Failure   Level  Hunger
a - Beastly Appendage     Tmut           ######       3%          1    None
b - Sticks to Snakes      Tmut           #######.     3%          2    None
c - Spider Form           Tmut/Pois      ######....   14%         3    #......
d - Ice Form              Ice/Tmut       ######..     17%         4    ###....
e - Blade Hands           Tmut           #######...   10%         5    #####..
f - Shroud of Golubria    Chrm/Tloc      ####......   24%         2    None
g - Regeneration          Chrm/Necr      ####......   41%         3    #......


Dungeon Overview and Level Annotations

Branches:
Dungeon (15/15)            Temple (1/1) D:6            Lair (6/6) D:8
 Shoals (1/4) Lair:3       Spider (1/4) Lair:4        Slime (0/5) Lair:6
    Orc (2/2) D:11            Elf (2/3) Orc:2        Vaults (0/5) D:13
 Depths (0/5) D:15

Altars:
Ashenzari
Cheibriados
Dithmenos
Elyvilon
Fedhas
Gozag
Hepliaklqana
Kikubaaqudgha
Makhleb
Nemelex Xobeh
Okawaru
Qazlal
Ru
Sif Muna
Trog
Uskayaw
Vehumet
Xom
Yredelemnul
Zin
The Shining One
Beogh
Jiyva

Shops:
D:8 [   D:9 ?   D:12 :   Orc:1 %   Orc:2 [}[?

Annotations:
Spider:1 Aizul


Message History

The deep elf mage is severely wounded.
The deep elf knight casts a spell at you.
The stone arrow misses you.
The stone arrow hits something.
You slash the deep elf mage!
The deep elf mage is almost dead.
The deep elf knight hits you with a long sword!
* * * LOW HITPOINT WARNING * * *
You hear some strange, mumbled words.
A shard of ice appears from out of thin air!
The shard of ice misses you.
The shard of ice hits the deep elf knight.
The deep elf mage gestures wildly while chanting.
The deep elf mage blinks!
You slash the deep elf knight!
You kill the deep elf knight!
Okawaru accepts your kill.
You hear some strange, mumbled words.
A shard of ice appears from out of thin air!
The shard of ice hits you!
You die...

# #... #. #... #..#####...
........... ...........
...........
##+####################...
........ยง)............'...
.......[)@............#...
........).....e.......#...
########...########...#...
#...# #...#... #...#
#...#... #...# #...#...
#...# #...#... #...# #...#
#...# #...#


You could see a deep elf mage.

Vanquished Creatures
  Frances (D:14)
  A stone giant (Orc:1)
  The ghost of Apogee the Warrior, a journeyman MiFi of Trog (Spider:1)
  The ghost of bgiannan the Basher, a journeyman GrFi of Qazlal (Orc:2)
  A merfolk impaler (Shoals:1)
  The ghost of sveltemanboy the Impaler, a journeyman MfIE of Okawaru (Lair:1)
  Snorg (D:11)
  2 fire dragons (D:15)
  8 vault guards (D:13)
  7 hydras
  5 centaur warriors
  3 ogre magi (Orc:2)
  A death knight (D:13)
  3 catoblepae (Lair:6)
  13 death yaks (Lair:6)
  A merfolk aquamancer (Shoals:1)
  An orc high priest (Orc:1)
  2 tengu warriors
  2 deep elf knights
  A skeletal warrior (D:15)
  Pikel (D:4)
  A sphinx zombie (D:15)
  A phantasmal warrior (D:15)
  7 hill giants
  A necromancer (D:15)
  2 orc knights
  3 harpies (Shoals:1)
  A tengu skeleton (D:15)
  2 manticores
  An orb spider (Spider:1)
  3 wolf spiders
  8 orc sorcerers
  An elephant (Lair:6)
  18 ugly things
  A faun (Shoals:1)
  12 deep elf magi
  2 cyclopes
  The ghost of tognito the Chopper, a novice MiBe of Trog (D:5)
  3 ice statues (IceCv)
  2 gargoyles
  Joseph (D:8)
  6 centaur skeletons
  7 komodo dragons
  4 black mambas
  10 spiny frogs
  A freezing wraith (D:15)
  A demonic crawler (Lair:4)
  A rime drake (Lair:6)
  A guardian mummy (D:15)
  An elf zombie (D:15)
  5 yaktaurs (D:15)
  An efreet (D:13)
  2 jumping spiders
  A harpy zombie (D:15)
  2 merfolk (Shoals:1)
  8 trolls
  A two-headed ogre (D:10)
  2 polar bears
  3 hornets
  A wind drake (Shoals:1)
  6 slime creatures (D:14)
  12 blink frogs
  A dream sheep (D:9)
  16 hippogriffs
  An air elemental (Elf:1)
  A spriggan skeleton (D:15)
  A redback (Lair:4)
  2 tarantellas (Lair:4)
  A wraith (D:12)
  A shadow (D:13)
  5 water elementals
  64 yaks
  A vampire (D:10)
  A wyvern (D:11)
  2 basilisks
  8 vampire mosquitoes
  2 hungry ghosts
  2 mottled dragons
  A warg (Orc:2)
  9 water moccasins
  A soldier ant (D:10)
  11 porcupines
  19 orc warriors
  18 ice beasts
  A black bear (D:13)
  5 sky beasts
  A slave (D:4)
  An eye of draining (D:13)
  7 ogres
  3 necrophages
  3 phantoms
  11 wolves
  23 centaurs
  10 crocodiles
  The ghost of azzavlup the Chiller, an amateur MfIE (D:3)
  5 big kobolds
  An earth elemental (Elf:2)
  A wyvern zombie (D:14)
  9 bullfrogs
  A wyvern skeleton (D:14)
  5 scorpions
  A water moccasin skeleton (D:7)
  10 killer bees
  3 wights (D:10)
  4 howler monkeys
  2 electric eels
  9 crimson imps
  3 centaur zombies
  39 orc wizards
  6 hounds
  2 jellies (D:15)
  18 orc priests
  3 bullfrog skeletons
  Jessica (D:2)
  4 iguanas
  9 worker ants
  4 hound skeletons
  Robin (D:2)
  10 gnolls
  11 adders
  5 shadow imps
  An adder zombie (D:6)
  7 worms
  2 adder skeletons
  3 dart slugs
  10 leopard geckos
  84 orcs
  7 ball pythons
  14 bats
  A giant cockroach (D:4)
  8 goblins
  10 hobgoblins
  12 jackals
  5 quokkas
  5 frilled lizards
  12 kobolds
  A quokka skeleton (D:5)
  14 rats
  2 plants (D:13)
803 creatures vanquished.

Vanquished Creatures (collateral kills)
  2 hydras (Lair:1)
  A tengu warrior (D:11)
  2 merfolk (Shoals:1)
  A hippogriff (Lair:6)
  A dream sheep (D:9)
  2 ice beasts
  2 slaves (D:4)
  2 ogres
  A bullfrog (Lair:4)
  A killer bee (D:8)
  A hound (D:5)
  3 adders (D:2)
  A worm (D:5)
  A leopard gecko (D:10)
  3 orcs
  2 goblins (D:2)
  A kobold (D:2)
  A bat (D:2)
28 creatures vanquished.

Vanquished Creatures (others)
  An orb spider (Spider:1)
  An orc (D:5)
  3 fungi
  A plant (Lair:6)
  A withered plant (D:15)
7 creatures vanquished.

Grand Total: 838 creatures vanquished

Notes
Turn   | Place    | Note
-------+----------+-------------------------------------------
     0 | D:1      | mmcf the Merfolk Transmuter began the quest for the Orb.
     0 | D:1      | Reached XP level 1. HP: 15/15 MP: 3/3
    56 | D:1      | Reached XP level 2. HP: 20/21 MP: 3/5
   438 | D:1      | Reached XP level 3. HP: 18/26 MP: 4/6
   809 | D:1      | Found a snail-covered altar of Cheibriados.
  1365 | D:2      | Noticed Jessica
  1372 | D:2      | Killed Jessica
  1372 | D:2      | Reached skill level 5 in Unarmed Combat
  1372 | D:2      | Reached XP level 4. HP: 31/32 MP: 5/7
  1381 | D:2      | Learned a level 2 spell: Sticks to Snakes
  1385 | D:2      | Learned a level 3 spell: Spider Form
  1569 | D:2      | Reached skill level 3 in Transmutations
  1883 | D:2      | Noticed Robin
  1920 | D:2      | Killed Robin
  1920 | D:2      | Reached skill level 4 in Transmutations
  2304 | D:2      | Reached XP level 5. HP: 26/37 MP: 8/8
  2802 | D:3      | Noticed azzavlup's ghost (amateur MfIE)
  2820 | D:3      | Killed azzavlup's ghost
  3086 | D:3      | Reached XP level 6. HP: 40/47 MP: 9/9
  3243 | D:3      | Found a glowing golden altar of the Shining One.
  3243 | D:3      | Found a radiant altar of Vehumet.
  3759 | D:4      | Found an ancient bone altar of Kikubaaqudgha.
  3877 | D:5      | Entered Level 5 of the Dungeon
  3987 | D:4      | Noticed Pikel
  3987 | D:4      | Noticed a slave
  3987 | D:4      | Noticed a slave
  4018 | D:4      | Killed a slave
  4096 | D:4      | Noticed a slave
  4097 | D:4      | Noticed a slave
  4137 | D:4      | Killed a slave
  4145 | D:4      | Killed a slave
  4424 | D:4      | Reached skill level 5 in Dodging
  4625 | D:4      | Found a glowing silver altar of Zin.
  4626 | D:4      | Found an opulent altar of Gozag.
  4749 | D:4      | Killed Pikel
  4749 | D:4      | Reached skill level 5 in Fighting
  4749 | D:4      | Reached XP level 7. HP: 16/57 MP: 3/10
  4969 | D:4      | Reached XP level 8. HP: 64/64 MP: 11/11
  5349 | D:4      | Found a shadowy altar of Dithmenos.
  5411 | D:4      | Learned a level 4 spell: Ice Form
  5711 | D:6      | Found a staircase to the Ecumenical Temple.
  5720 | Temple   | Entered the Ecumenical Temple
  5761 | Temple   | Became a worshipper of Warmaster Okawaru
  5799 | D:6      | Reached skill level 5 in Transmutations
  5821 | D:6      | Found a glowing drain.
  5855 | Sewer    | Entered a sewer
  5992 | D:5      | Found a white marble altar of Elyvilon.
  5993 | D:5      | Noticed tognito's ghost (novice MiBe)
  6046 | D:5      | Killed tognito's ghost
  6046 | D:5      | Reached * piety under Okawaru
  6046 | D:5      | Reached skill level 6 in Transmutations
  6152 | D:5      | Noticed a moth of wrath
  6206 | D:5      | Found a bloodstained altar of Trog.
  6312 | D:5      | Reached skill level 1 in Invocations
  6399 | D:5      | Reached skill level 7 in Transmutations
  6499 | D:5      | Reached XP level 9. HP: 67/69 MP: 13/13
  7019 | D:7      | Reached ** piety under Okawaru
  7366 | D:7      | Got a faintly humming chain mail
  7397 | D:6      | Identified the cursed +1 chain mail of Youthful Indiscretion {rC+ Regen+ Dex+4} (You found it on level 7 of the Dungeon)
  8323 | D:7      | Got a pair of distressingly furry gloves
  8329 | D:7      | Identified the +0 pair of gloves of Daffodils {rElec Int+4} (You found it on level 7 of the Dungeon)
  8669 | D:7      | Learned a level 5 spell: Blade Hands
  8753 | D:7      | Found a blossoming altar of Fedhas.
  8822 | D:7      | Found a bloodstained altar of Trog.
  9362 | D:8      | Found Kimodgh's Antique Armour Boutique.
  9367 | D:8      | Bought a translucent helmet for 228 gold pieces
  9380 | D:8      | Identified the cursed +0 helmet of Gayx {Dex+5} (You bought it in a shop on level 8 of the Dungeon)
  9560 | D:8      | Found a staircase to the Lair.
  9620 | D:8      | Noticed Joseph
  9638 | D:8      | Killed Joseph
  9638 | D:8      | Reached skill level 8 in Transmutations
  9892 | D:8      | Reached *** piety under Okawaru
  9894 | D:8      | Reached XP level 10. HP: 71/76 MP: 12/16
  9963 | D:8      | Found a sacrificial altar of Ru.
 10139 | D:8      | Found a hide-covered altar of Uskayaw.
 10311 | D:8      | Found a shimmering altar of Xom.
 10431 | Lair:1   | Entered Level 1 of the Lair of Beasts
 10442 | Lair:1   | Noticed a black mamba
 10459 | Lair:1   | Killed a black mamba
 10459 | Lair:1   | Reached skill level 9 in Transmutations
 10658 | Lair:1   | Noticed a seven-headed hydra
 10667 | Lair:1   | Killed a seven-headed hydra
 10677 | Lair:1   | Noticed sveltemanboy's ghost (journeyman MfIE)
 10898 | D:10     | Entered Level 10 of the Dungeon
 10905 | D:10     | Reached skill level 10 in Unarmed Combat
 10905 | D:10     | Reached skill level 10 in Transmutations
 11746 | D:9      | Found Suotum's Magic Scroll Shop.
 11751 | D:9      | Bought 3 scrolls of identify for 78 gold pieces
 11751 | D:9      | Bought a scroll of blinking for 97 gold pieces
 11900 | D:9      | Reached **** piety under Okawaru
 11921 | D:9      | Noticed a two-headed hydra
 11985 | D:8      | Killed a two-headed hydra
 11985 | D:8      | Reached skill level 5 in Spellcasting
 12056 | D:9      | Reached ***** piety under Okawaru
 12056 | D:9      | Reached skill level 1 in Ice Magic
 12510 | D:9      | Reached XP level 11. HP: 73/84 MP: 18/18
 12565 | D:10     | Reached skill level 1 in Evocations
 12805 | D:10     | Reached skill level 5 in Invocations
 12966 | D:11     | Received a gift from Okawaru
 12975 | D:11     | Got a blackened hat {god gift}
 12995 | D:10     | Identified the +0 hat of Xyima {-Tele +Fly rPois Stlth+} (Okawaru gifted it to you on level 11 of the Dungeon)
 13610 | D:11     | Found a staircase to the Orcish Mines.
 13611 | D:11     | Noticed Snorg
 13701 | D:11     | Noticed a cyan ugly thing
 13722 | D:11     | Killed a cyan ugly thing
 13796 | D:11     | Killed Snorg
 13796 | D:11     | Reached skill level 5 in Evocations
 13973 | D:11     | Noticed a centaur warrior
 13991 | D:11     | Killed a centaur warrior
 14356 | D:11     | Noticed a green ugly thing
 14362 | D:11     | Killed a green ugly thing
 14374 | D:11     | Reached XP level 12. HP: 78/91 MP: 15/19
 14911 | D:11     | Noticed a tengu warrior
 14912 | D:11     | Noticed a tengu warrior
 14918 | D:11     | Killed a tengu warrior
 14918 | D:11     | Received a gift from Okawaru
 14924 | D:11     | Killed a tengu warrior
 15894 | Lair:1   | Noticed an eight-headed hydra
 15930 | Lair:1   | Killed an eight-headed hydra
 16011 | Lair:1   | Killed sveltemanboy's ghost
 16011 | Lair:1   | Reached skill level 10 in Invocations
 17589 | Lair:2   | Reached skill level 11 in Transmutations
 18584 | Lair:4   | Found a frozen archway.
 18591 | Lair:4   | Reached XP level 13. HP: 56/96 MP: 15/20
 18686 | Lair:4   | Reached skill level 12 in Transmutations
 18718 | IceCv    | Entered an ice cave
 18944 | IceCv    | Received a gift from Okawaru
 19364 | Lair:3   | Found a staircase to the Shoals.
 19808 | Lair:3   | Reached skill level 10 in Dodging
 20455 | Lair:4   | Found a hole to the Spider Nest.
 20767 | Lair:4   | Received a gift from Okawaru
 20840 | Lair:4   | Reached skill level 1 in Armour
 21315 | Lair:6   | Entered Level 6 of the Lair of Beasts
 22042 | Lair:4   | Reached skill level 13 in Transmutations
 22909 | Lair:5   | Received a gift from Okawaru
 23942 | Lair:6   | Learned a level 2 spell: Shroud of Golubria
 23946 | Lair:6   | Learned a level 3 spell: Regeneration
 24061 | Lair:6   | Reached XP level 14. HP: 105/105 MP: 18/23
 24139 | Lair:6   | Reached skill level 1 in Charms
 24265 | Lair:6   | Found a staircase to the Slime Pits.
 24265 | Lair:6   | Found a viscous altar of Jiyva.
 25118 | Lair:6   | Reached skill level 1 in Necromancy
 25118 | Lair:6   | Reached skill level 1 in Translocations
 25124 | Lair:6   | Received a gift from Okawaru
 25501 | Lair:6   | Reached ****** piety under Okawaru
 26143 | Orc:1    | Entered Level 1 of the Orcish Mines
 26143 | Orc:1    | Noticed a stone giant
 26146 | Orc:1    | Killed a stone giant
 26146 | Orc:1    | Received a gift from Okawaru
 26153 | Orc:1    | Got a steaming ring mail {god gift}
 26171 | Orc:2    | Entered Level 2 of the Orcish Mines
 26171 | Orc:2    | Found a staircase to the Elven Halls.
 26184 | Orc:1    | Found Liufuec's Food Boutique.
 26195 | Orc:1    | Reached skill level 14 in Transmutations
 26285 | Orc:1    | Paralysed by an orc sorcerer for 5 turns
 26433 | Orc:1    | Reached skill level 10 in Fighting
 26528 | Orc:1    | Found a roughly hewn altar of Beogh.
 26913 | Orc:1    | Identified the +3 ring mail "Qaypseb" {Str-4 Int+3 Dex+3 Stlth-} (Okawaru gifted it to you on level 1 of the Orcish Mines)
 27438 | Orc:2    | Noticed bgiannan's ghost (journeyman GrFi)
 27462 | Orc:2    | Killed bgiannan's ghost
 27895 | Orc:2    | Found Bink's Antique Armour Shoppe.
 28178 | Orc:2    | Found a radiant altar of Vehumet.
 28273 | Orc:2    | Reached XP level 15. HP: 61/115 MP: 19/25
 28548 | Orc:2    | Found an ancient bone altar of Kikubaaqudgha.
 28576 | Orc:2    | Found a roughly hewn altar of Beogh.
 28576 | Orc:2    | Found Gajyigh's Magic Scroll Emporium.
 28631 | Orc:2    | Found Duxkoanu's Antique Armour Shoppe.
 28644 | Orc:2    | Received a gift from Okawaru
 28644 | Orc:2    | Reached skill level 5 in Charms
 28692 | Orc:2    | Found Feneil's Gadget Emporium.
 28727 | Orc:2    | Bought a +5 rod of ignition (11/11) for 1035 gold pieces
 28737 | Orc:2    | Bought a scroll of blinking for 105 gold pieces
 28737 | Orc:2    | Bought a scroll of blinking for 105 gold pieces
 28737 | Orc:2    | Bought a scroll of fog for 28 gold pieces
 29238 | D:12     | Reached skill level 15 in Transmutations
 29308 | D:12     | Found Gasunk's Book Boutique.
 30456 | D:13     | Got a steaming turquoise ring
 30508 | D:13     | Identified the ring of Immorality {rCorr rPois Str+3} (You found it on level 13 of the Dungeon)
 30551 | D:13     | Identified a +5 rod of clouds (12/12) (You found it on level 13 of the Dungeon)
 30968 | D:13     | Found a gate to the Vaults.
 31038 | D:13     | Received a gift from Okawaru
 31514 | D:15     | Entered Level 15 of the Dungeon
 31739 | D:14     | Noticed Frances
 31750 | D:14     | Killed Frances
 32341 | D:14     | Reached skill level 16 in Transmutations
 33046 | D:15     | Reached XP level 16. HP: 102/122 MP: 21/26
 33275 | D:15     | Found a staircase to the Depths.
 33292 | D:15     | Reached skill level 15 in Unarmed Combat
 34412 | D:15     | Received a gift from Okawaru
 34412 | D:15     | Reached skill level 17 in Transmutations
 34973 | Spider:1 | Entered Level 1 of the Spider Nest
 34984 | Spider:1 | Noticed Apogee's ghost (journeyman MiFi)
 35299 | Spider:1 | Killed Apogee's ghost
 35654 | Spider:1 | Noticed Aizul
 35833 | Shoals:1 | Entered Level 1 of the Shoals
 36628 | Elf:1    | Entered Level 1 of the Elven Halls
 37156 | Elf:1    | Killed from afar by a deep elf knight

Skill      XL: |  1  2  3  4  5  6  7  8  9 10 11 12 13 14 15 16 |
---------------+-------------------------------------------------+-----
Unarmed Combat | 4 5 6 8 9 10 12 13 14 16 | 16.0
Transmutations | 4 7 8 10 11 13 14 16 17 | 17.0
Dodging        | 3 4 5 7 8 10 13 14 | 14.1
Fighting       | 3 5 6 7 8 10 | 10.1
Spellcasting   | 3 4 5 6 7 8 |  8.2
Invocations    | 2 3 8 10 | 10.1
Ice Magic      | 3 |  3.3
Evocations     | 6 7 |  7.0
Armour         | 2 |  2.2
Charms         | 4 5 |  5.0
Necromancy     | 3 |  3.0
Translocations | 3 |  3.0

Action                   |  1- 3 |  4- 6 |  7- 9 | 10-12 | 13-15 | 16-18 || total
-------------------------+-------+-------+-------+-------+-------+-------++-------
Melee: Unarmed           |    86 |   257 |   363 |   691 |  1170 |   330 ||  2897
       Headbutt          |     6 |    19 |    34 |       |       |       ||    59
       Punch             |     1 |     5 |    21 |    39 |    97 |    34 ||   197
       Tailslap          |       |     2 |     2 |       |     6 |     4 ||    14
 Fire: Hunting sling     |       |    14 |     7 |    21 |    30 |       ||    72
 Cast: Beastly Appendage |     6 |    21 |    26 |     1 |       |       ||    54
       Sticks to Snakes  |       |    19 |    13 |    25 |    18 |     9 ||    84
       Spider Form       |       |       |     2 |     8 |     3 |     2 ||    15
       Blade Hands       |       |       |       |    25 |    70 |    25 ||   120
       Ice Form          |       |       |       |     4 |    11 |     3 ||    18
       Shroud of Golubri |       |       |       |       |    16 |     6 ||    22
       Regeneration      |       |       |       |       |     3 |     4 ||     7
Invok: Heroism           |       |       |     1 |     2 |    19 |     7 ||    29
       Finesse           |       |       |       |     3 |    10 |     2 ||    15
 Abil: End Transformatio |       |       |       |     1 |       |       ||     1
Evoke: Wand              |       |       |       |     1 |     5 |       ||     6
       Rod               |       |       |       |       |     2 |       ||     2
  Use: Scroll            |       |       |    24 |    11 |     9 |     5 ||    49
       Potion            |       |       |     3 |       |     2 |     2 ||     7
 Stab: Sleeping          |     2 |     3 |       |     2 |     5 |     1 ||    13
       Distracted        |       |     6 |     4 |     2 |     2 |       ||    14
       Paralysed         |       |       |       |     1 |       |       ||     1
  Eat: Chunk             |     2 |    11 |     9 |    18 |    33 |     8 ||    81
       Pizza             |       |     1 |       |     7 |     1 |       ||     9
       Beef jerky        |       |       |     2 |     3 |     3 |       ||     8
       Fruit             |       |       |     7 |     3 |    12 |       ||    22
       Meat ration       |       |       |       |     1 |     3 |       ||     4
       Bread ration      |       |       |       |       |     2 |     2 ||     4
Armor: Robe              |    20 |    23 |    47 |    89 |    95 |    31 ||   305
       Skin              |       |       |       |     2 |    25 |     2 ||    29
Dodge: Dodged            |    57 |   153 |   231 |   631 |   945 |   470 ||  2487
